 Dungeon Crawl Stone Soup version 0.19.1 (console) character file.

5772 Kloppie the Basher (level 10, -2/68 HPs)
             Began as a Gargoyle Berserker on Nov 25, 2016.
             Was an Elder of Trog.
             Slain by a stone giant (15 damage)
             ... on level 10 of the Dungeon.
             The game lasted 00:13:06 (7373 turns).

Kloppie the Basher (Gargoyle Berserker)             Turns: 7373, Time: 00:13:07

Health: -2/68      AC: 25    Str: 20    XL:     10   Next: 78%
Magic:  0/10       EV: 11    Int:  9    God:    Trog [****..]
Gold:   308        SH:  0    Dex: 12    Spells: 0 memorised, 9 levels left

rFire  + . .     SeeInvis .     a - +0 flail
rCold  . . .     Gourm    .     m - +5 ring mail "Jobrad" {+Blink Regen+}
rNeg   + . .     Faith    .     (no shield)
rPois  ∞         Spirit   +     A - +2 helmet
rElec  +         Reflect  .     F - +2 cloak
rCorr  .         Harm     .     x - +1 pair of gloves
MR     +....                    (no boots)
Stlth  +.........               C - amulet of guardian spirit
                                y - ring of protection from magic
                                n - ring of protection from fire

@: exhausted, slowed, very slow
A: negative energy resistance 1, electricity resistance, unbreathing,
petrification resistance, rot immunity, AC +7
a: Berserk, Trog's Hand, Brothers in Arms, Burn Spellbooks, Renounce Religion,
Evoke Blink


You were on level 10 of the Dungeon.
You worshipped Trog.
Trog was greatly pleased with you.
You were near starving.

You visited 1 branch of the dungeon, and saw 10 of its levels.

You collected 515 gold pieces.
You spent 207 gold pieces at shops.

Inventory:

Hand Weapons
 a - a +0 flail (weapon)
 e - a +1 mace
Armour
 m - the +5 ring mail "Jobrad" (worn) {+Blink Regen+}
   (You found it on level 5 of the Dungeon)

   It lets you blink.
   It increases your rate of regeneration.
 x - a +1 pair of gloves (worn)
 A - a +2 helmet (worn)
 F - a +2 cloak (worn)
Jewellery
 n - a ring of protection from fire (left hand)
 y - a ring of protection from magic (right hand)
 C - an amulet of guardian spirit (around neck)
Wands
 b - a wand of paralysis (9/24)
 d - a wand of slowing (26/48)
Scrolls
 g - 3 scrolls of enchant weapon
 h - 2 scrolls of teleportation
 l - 7 scrolls of remove curse
 o - a scroll of enchant armour
 z - 2 scrolls of recharging
 D - 3 scrolls of fear
Potions
 k - a potion of haste
 q - 2 potions of curing
 r - 2 potions of flight
 s - a potion of brilliance
 t - 3 potions of lignification
 u - a potion of cure mutation
 v - 2 potions of magic
Comestibles
 c - 11 bread rations
 f - 3 fruits
 i - a slice of pizza
 p - 4 meat rations
 w - 9 beef jerkies
 B - 2 chunks of flesh


   Skills:
 + Level 10.5 Fighting
 * Level 12.8 Maces & Flails
 - Level 2.1 Armour
 - Level 1.5 Dodging


You had 9 spell levels left.
You didn't know any spells.

Dungeon Overview and Level Annotations

Branches:
Dungeon (10/15)            Temple (0/1) D:4
   Lair: D:8-11         Orc: D:9-12

Altars:
Fedhas
Gozag
Sif Muna
Trog

Shops:
D:6 [


Innate Abilities, Weirdness & Mutations

You are resistant to torment.
Your stone body is resilient. (AC +7)
You are immune to poison.
You resist negative energy. (rN+)
You are resistant to electric shocks. (rElec)
You can survive without breathing.
You are immune to petrification.
You are immune to rotting.


Message History

The stone giant is heavily wounded.
You hit the stone giant.
The stone giant is heavily wounded.
You are no longer berserk.
You are exhausted.
You feel yourself slow down.
The stone giant hits you but does no damage.
As you read the scroll of fear, it crumbles to dust.
You assume a fearsome visage.
The stone giant easily resists.
The stone giant hits you!
* * * LOW HITPOINT WARNING * * *
Okay, then.
Evoke which item? (* to show all) (? for menu, Esc to quit)
Zapping:
b - a wand of paralysis (will waste charges)
Press: ? - help, Shift-Dir - straight line, f - stone giant
Aim: a stone giant (heavily wounded, chance to defeat MR: 6%)
Okay, then.
Okay, then.
You feel better. The stone giant hits you!
You die...

#.. #.. #.. ##
..##.## .
#.8..$#._
#....$#..
#C...$#..
#@8..$# #.##.##
# #..## .#
#...#######+..#
#.............#
###...##..###.#
#..###......#
#..# #..#####
#>.# #..#


You could see a stone giant.

Vanquished Creatures
  An ettin (D:10)
  The ghost of Malachi the Cleaver, a novice DDFi of Elyvilon (D:7)
  A hippogriff (D:7)
  Sigmund (D:2)
  2 hungry ghosts
  Duvessa (D:6)
  2 eyes of draining (D:9)
  An orc warrior (D:8)
  4 sky beasts
  A phantom (D:6)
  A necrophage (D:9)
  5 ogres
  6 centaurs
  3 bullfrogs
  Dowan (D:6)
  A scorpion (D:8)
  9 killer bees (D:9)
  3 wights (D:6)
  2 howler monkeys (D:4)
  4 crimson imps
  A bullfrog zombie (D:6)
  5 orc priests
  A centaur skeleton (D:4)
  3 hounds
  3 jellies
  Ijyb (D:2)
  2 iguanas
  7 worker ants
  5 orc wizards
  A hound zombie (D:6)
  Robin (D:3)
  2 howler monkey zombies
  4 gnolls (D:3)
  8 adders
  A shadow imp (D:8)
  3 oozes
  2 adder zombies
  2 adder skeletons
  3 worms
  A dart slug (D:3)
  4 leopard geckos
  25 orcs
  7 bats
  4 giant cockroaches
  18 goblins
  9 hobgoblins
  7 quokkas
  A ball python zombie (D:6)
  7 frilled lizards
  3 kobolds
  A leopard gecko skeleton (D:5)
  8 rats
200 creatures vanquished.

Vanquished Creatures (others)
  A plant (D:8)
1 creature vanquished.

Grand Total: 201 creatures vanquished

Notes
Turn   | Place    | Note
-------+----------+-------------------------------------------
     0 | D:1      | Kloppie the Gargoyle Berserker began the quest for the Orb.
     0 | D:1      | Reached XP level 1. HP: 14/14 MP: 1/1
   294 | D:1      | Reached XP level 2. HP: 19/19 MP: 2/2
   681 | D:1      | Reached XP level 3. HP: 24/24 MP: 3/3
  1046 | D:2      | Noticed Sigmund
  1052 | D:2      | Reached ** piety under Trog
  1056 | D:2      | Killed Sigmund
  1056 | D:2      | Reached skill level 5 in Maces & Flails
  1056 | D:2      | Reached XP level 4. HP: 30/30 MP: 4/4
  1056 | D:2      | Reached XP level 5. HP: 34/34 MP: 5/5
  1425 | D:2      | Found an opulent altar of Gozag.
  1693 | D:2      | Noticed Ijyb
  1718 | D:2      | Killed Ijyb
  1718 | D:2      | Reached skill level 5 in Fighting
  1718 | D:2      | Reached XP level 6. HP: 38/40 MP: 6/6
  2086 | D:3      | Reached skill level 6 in Maces & Flails
  2153 | D:3      | Found a bloodstained altar of Trog.
  2280 | D:3      | Noticed Robin
  2295 | D:3      | Killed Robin
  2568 | D:4      | Found a staircase to the Ecumenical Temple.
  2601 | D:4      | Reached *** piety under Trog
  2601 | D:4      | Reached XP level 7. HP: 37/45 MP: 7/7
  2919 | D:4      | Reached skill level 7 in Maces & Flails
  3044 | D:5      | Entered Level 5 of the Dungeon
  3443 | D:5      | Reached XP level 8. HP: 29/52 MP: 8/8
  3519 | D:5      | Reached skill level 8 in Maces & Flails
  3614 | D:5      | Found a blossoming altar of Fedhas.
  3691 | D:5      | Got an encrusted ring mail
  4218 | D:6      | Noticed Duvessa
  4219 | D:6      | Noticed Dowan
  4220 | D:6      | Reached skill level 9 in Maces & Flails
  4228 | D:6      | Killed Duvessa
  4249 | D:6      | Killed Dowan
  4264 | D:6      | Identified the +5 ring mail "Jobrad" {+Blink Regen+} (You found it on level 5 of the Dungeon)
  4392 | D:6      | Found Mumavoc's Antique Armour Shoppe.
  4401 | D:6      | Bought a fine scale mail for 207 gold pieces
  4411 | D:6      | Identified the +4 scale mail of the Lair of Beasts {rCorr Str+3} (You bought it in a shop on level 6 of the Dungeon)
  4476 | D:6      | Reached **** piety under Trog
  4486 | D:6      | Reached XP level 9. HP: 59/59 MP: 9/9
  4828 | D:6      | Reached skill level 10 in Maces & Flails
  5045 | D:7      | Noticed Malachi's ghost (novice DDFi)
  5059 | D:7      | Killed Malachi's ghost
  5059 | D:7      | Reached skill level 11 in Maces & Flails
  5840 | D:8      | Reached XP level 10. HP: 55/66 MP: 10/10
  6476 | D:9      | Reached skill level 12 in Maces & Flails
  6792 | D:9      | Reached skill level 10 in Fighting
  7317 | D:10     | Entered Level 10 of the Dungeon
  7340 | D:10     | Found a deep blue altar of Sif Muna.
  7340 | D:10     | Noticed an ettin
  7341 | D:10     | Noticed a stone giant
  7361 | D:10     | Killed an ettin
  7372 | D:10     | HP: 3/68 [stone giant (8)]
  7373 | D:10     | Slain by a stone giant

Skill      XL: |  1  2  3  4  5  6  7  8  9 10 |
---------------+-------------------------------+-----
Fighting       | 4 5 6 7 9 10 | 10.5
Maces & Flails | 5 6 7 9 11 12 | 12.8
Armour         | |  2.1
Dodging        | |  1.5

Action                   |  1- 3 |  4- 6 |  7- 9 | 10-12 || total
-------------------------+-------+-------+-------+-------++-------
Melee: Mace              |    80 |   234 |   104 |       ||   418
       Flail             |       |       |   325 |   232 ||   557
Invok: Berserk           |     2 |     4 |     4 |     2 ||    12
       Trog's Hand       |       |     1 |     1 |     1 ||     3
  Use: Scroll            |       |       |    21 |     2 ||    23
       Potion            |       |       |       |     2 ||     2
  Eat: Chunk             |     1 |    11 |    17 |     8 ||    37
Armor: Animal skin       |    26 |       |       |       ||    26
       Chain mail        |       |   154 |    98 |       ||   252
       Robe              |       |    15 |       |       ||    15
       Scale mail        |       |       |    32 |       ||    32
       Ring mail         |       |       |   137 |   103 ||   240
Dodge: Dodged            |    45 |   124 |   202 |    87 ||   458
